 Dungeon Crawl Stone Soup version 0.28-a0-1404-g4df0f3684d (webtiles) character file.

Game seed: 5537940601402224888

28 southernslant the Magician (level 2, -2/20 HPs)
             Began as a Demonspawn Hedge Wizard on Jan 6, 2022.
             Slain by a gnoll (7 damage)
             ... on level 2 of the Dungeon.
             The game lasted 00:03:17 (565 turns).

southernslant the Magician (Demonspawn Hedge Wizard) Turns: 565, Time: 00:03:18

Health: -2/20      AC:  2    Str: 10    XL:     2   Next: 96%
Magic:  4/6        EV: 12    Int: 15    God:
Gold:   39         SH:  0    Dex: 12    Spells: 6/7 levels left

rFire   . . .      SeeInvis .   f - +0 spear
rCold   . . .      Faith    .   (no shield)
rNeg    . . .      Spirit   .   b - +0 robe
rPois   .          Reflect  .   c - +0 hat
rElec   .          Harm     .   (no cloak)
rCorr   .          Rampage  .   (no gloves)
Will    .....                   (no boots)
Stlth   ++........              (no amulet)
HPRegen 0.06/turn               d - +4 ring of slaying
MPRegen 0.10/turn               (no ring)

@: no status effects
A: spiny 1
a: no special abilities


You were on level 2 of the Dungeon.
You visited 1 branch of the dungeon, and saw 2 of its levels.

You collected 39 gold pieces.

Inventory:

Hand Weapons
 a - a +0 dagger
 f - a +0 spear (weapon)
Armour
 b - a +0 robe (worn)
 c - a +0 hat (worn)
Jewellery
 d - a +4 ring of slaying (left hand)
Scrolls
 e - a scroll of immolation {unknown}
 g - a scroll of fear {unknown}
 h - a scroll of identify {unknown}


   Skills:
 * Level 0.9 Fighting
 * Level 0.6 Polearms
 * Level 0.6 Armour
 + Level 1.9 Dodging
 - Level 1.7 Stealth
 + Level 3.0 Spellcasting
 * Level 1.5 Conjurations
 * Level 1.3 Summonings
 - Level 0.8 Translocations


You had 6 spell levels left.
You knew the following spells:

 Your Spells              Type           Power      Damage    Failure   Level
a - Magic Dart            Conj           24%        1d4       11%         1

Your spell library contained the following spells:

 Spells                   Type           Power      Damage    Failure   Level
 Summon Small Mammal      Summ           24%        N/A       12%         1
 Apportation              Tloc           8%         N/A       14%         1
 Call Imp                 Summ           6%         N/A       17%         2
 Animate Skeleton         Necr           4%         N/A       21%         1
 Slow                     Hex            8%         N/A       21%         1
 Blink                    Tloc           8%         N/A       22%         2
 Conjure Flame            Conj/Fire      4%         6-21      41%         3
 Mephitic Cloud           Conj/Pois/Air  3%         N/A       43%         3
 Malign Gateway           Summ/Tloc      2%         N/A       100%        7
 Summon Horrible Things   Summ           3%         N/A       100%        8


Dungeon Overview and Level Annotations

Branches:
Dungeon (2/15)

Altars:

Shops:
D:1 (


Innate Abilities, Weirdness & Mutations

You are partially covered in sharp spines.


Message History

Aim: a gnoll, wielding a +0 club and quivering 2 throwing nets (moderately wounded, 100% to hit)
The magic dart hits the gnoll.
The gnoll is heavily wounded.
A gnoll comes into view. It is wielding a +0 flail.
Reach: f) +0 spear
Press: ? - help, Dir - move target, f/p - gnoll
Aim: a gnoll, wielding a +0 club and quivering 2 throwing nets (heavily wounded, about 32% to evade your +0 spear)
You reach to attack!
You closely miss the gnoll.
The gnoll is heavily wounded.
The gnoll throws a throwing net.
The throwing net closely misses you.
Reach: f) +0 spear
Press: ? - help, Dir - move target, f/p - gnoll
Aim: a gnoll, wielding a +0 club and quivering a throwing net (heavily wounded, about 32% to evade your +0 spear)
You reach to attack!
You hit the gnoll.
The gnoll is almost dead.
You hit the gnoll.
You kill the gnoll!
A hobgoblin comes into view.
You have reached level 2!
Your demonic ancestry asserts itself...
Sharp spines emerge from parts of your body.
You barely miss the gnoll. The gnoll hits you with a +0 flail!
Ouch! That really hurt!
You puncture the gnoll!
The gnoll is severely wounded.
A gnoll comes into view. It is wielding a +0 flail.
The gnoll closely misses you.
The gnoll shouts!
You hit the gnoll.
The gnoll is severely wounded.
You hear a shout! x2
The gnoll is struck by your spines. The gnoll closely misses you.
You puncture the gnoll!
You kill the gnoll!
You closely miss the hobgoblin. The hobgoblin hits you.
* * * LOW HITPOINT WARNING * * *
You puncture the hobgoblin!
You kill the hobgoblin!
You hit the gnoll but do no damage. The gnoll hits you with a +0 flail!
You die...

##..≈≈≈≈≈## ♣♣♣
#####....≈≈≈≈≈#
.....#####........≈≈≈≈≈#
#...<.........≈≈≈≈≈≈#
#.###..........≈≈≈≈≈#
#.#####....≈≈≈≈≈#
#.##.###....≈≈≈##
#.##.#####≈≈≈###
#(...@g..#####
........(..####.#
.###########


You could see a gnoll.

Vanquished Creatures
  2 gnolls (D:2)
  A ball python (D:1)
  An endoplasm (D:1)
  2 hobgoblins
  A kobold (D:1)
  A bat (D:1)
8 creatures vanquished.

Notes
Turn   | Place    | Note
-------+----------+-------------------------------------------
     0 | D:1      | southernslant the Demonspawn Hedge Wizard began the quest
                  | for the Orb.
     0 | D:1      | Reached XP level 1. HP: 13/13 MP: 4/4
   114 | D:1      | Found a faded altar of an unknown god.
   217 | D:1      | Found Tucosere's Weapon Boutique.
   559 | D:2      | Gained mutation: You are partially covered in sharp spines.
                  | [demonic ancestry]
   559 | D:2      | Reached XP level 2. HP: 20/20 MP: 3/6
   565 | D:2      | Slain by a gnoll

Illustrated notes

Levels and vault maps discovered:
D:1:      scummos_arrival_star, layout_basic, serial_shops,
          nicolae_shop_bloodbath_and_beyond, basic_ecumenical_altar
D:2:      layout_loops_ring, basic_altar, serial_shops, shop, nrook_campfire,
          nicolae_underground_beach

Action                   || total
-------------------------++-------
Melee: Spear             ||    13
       Dagger            ||     3
 Cast: Magic Dart        ||     5
 Stab: Sleeping          ||     1
Armor: Robe              ||     1
Dodge: Dodged            ||     5

Table legend: (Time is in decaauts)
 A = Elapsed time spent in this place.
 B = Non-inter-level travel time spent in this place.
 C = Inter-level travel time spent in this place.
 D = Time resting spent in this place.
 E = Time spent auto-exploring this place.
 F = Levels seen in this place.
 G = Mean time per level.
                   A        B        C        D        E       F      G
               +--------+--------+--------+--------+--------+-----+--------+
         Total |    565 |    565 |      0 |      0 |    491 |   2 |  282.5 |
       Dungeon |    565 |    565 |      0 |      0 |    491 |   2 |  282.5 |
               +--------+--------+--------+--------+--------+-----+--------+

Top non-repeatable levels by time:
     D:1: 519 daAuts
     D:2: 45 daAuts
